 Dungeon Crawl Stone Soup version 0.29.1-1-gd02db6906a (webtiles) character file.

Game seed: 13119754917991862192

65 Condegh the Digger (level 4, -4/25 HPs)
             Began as a Gargoyle Earth Elementalist on Oct 17, 2022.
             Slain by Terence
             ... wielding a +0 flail
              (10 damage)
             ... on level 2 of the Dungeon.
             The game lasted 00:11:07 (1115 turns).

Condegh the Digger (Gargoyle Earth Elementalist)    Turns: 1115, Time: 00:11:08

Health: -4/25      AC:  6    Str: 11    XL:     4   Next: 13%
Magic:  1/7        EV: 12    Int: 18    God:
Gold:   56         SH:  0    Dex: 10    Spells: 2/7 levels left

rFire   . . .      SeeInvis .   c - +3 hammer
rCold   . . .      Faith    .   (no shield)
rNeg    + . .      Spirit   .   a - +0 robe
rPois   ∞          Reflect  .   (no helmet)
rElec   +          Harm     .   g - +0 cloak
rCorr   .          Rampage  .   (no gloves)
Will    .....                   (no boots)
Stlth   ++........              (no amulet)
HPRegen 0.08/turn               (no ring)
MPRegen 0.10/turn               (no ring)

@: very slightly contaminated
A: sickness immunity, AC +3, negative energy resistance 1, electricity
resistance, torment resistance 1, petrification resistance
a: no special abilities


You were on level 2 of the Dungeon.
You visited 1 branch of the dungeon, and saw 2 of its levels.

You collected 56 gold pieces.

Inventory:

Hand Weapons
 c - a +3 hammer (weapon)
 j - the +9 dagger "Uxegont" {vorpal, rN+ Str+2 Dex+2}
   (You found it on level 2 of the Dungeon)

   It inflicts extra damage upon your enemies.
   Str:       It affects your strength (+2).
   Dex:       It affects your dexterity (+2).
   rN:        It protects you from negative energy.
Armour
 a - a +0 robe (worn)
 g - a +0 cloak (worn)
Scrolls
 d - 2 scrolls of immolation {unknown}
 e - a scroll of fear {unknown}
 f - a scroll of noise {unknown}
 h - a scroll of identify {unknown}
 i - a scroll of amnesia {unknown}
Potions
 b - a potion of magic


   Skills:
 + Level 1.1 Fighting
 + Level 1.0 Maces & Flails
 + Level 1.4 Armour
 + Level 1.9 Dodging
 - Level 2.1 Stealth
 + Level 2.3 Spellcasting
 + Level 0.7 Conjurations
 - Level 0.7 Transmutations
 + Level 0.6 Fire Magic
 - Level 4.0 Earth Magic


You had 2 spell levels left.
You knew the following spells:

 Your Spells              Type           Power      Damage    Failure   Level
a - Sandblast             Erth           32%        2d9       3%          1
b - Foxfire               Conj/Fire      16%        2x1d4     13%         1
c - Stone Arrow           Conj/Erth      20%        3d8       21%         3

Your spell library contained the following spells:

 Spells                   Type           Power      Damage    Failure   Level
 Passwall                 Tmut/Erth      8%         N/A       10%         2
 Conjure Flame            Conj/Fire      4%         6-21      36%         3
 Inner Flame              Hex/Fire       3%         N/A       43%         3
 Petrify                  Tmut/Erth      10%        N/A       54%         4
 Flame Wave               Conj/Fire      4%         2d5       78%         4


Dungeon Overview and Level Annotations

Branches:
Dungeon (2/15)

Altars:

Shops:
D:2 =

Annotations:
D:2 Terence


Innate Abilities, Weirdness & Mutations

You are immune to sickness and miasma.
Your stone body is resilient. (AC +3)
You are immune to poison.
You resist negative energy. (rN+)
You are resistant to electric shocks. (rElec)
You are resistant to unholy torment.
You are immune to petrification.


Message History

Aiming: Sandblast (safe; 3% risk of failure)
Press: ? - help, Shift-Dir - straight line, f - Terence
Aim: Terence, wielding a +0 flail and wearing a +0 chain mail (87% to hit)
The blast of sand hits Terence but does no damage.
Terence drinks a potion.
Terence seems to grow stronger.
Terence hits you but does no damage.
Casting: Sandblast (safe; 3% risk of failure)
Confirm with . or Enter, or press ? or * to list all spells.
Aiming: Sandblast (safe; 3% risk of failure)
Press: ? - help, Shift-Dir - straight line, f/p - Terence
Aim: Terence, wielding a +0 flail and wearing a +0 chain mail (strong, 87% to hit)
The blast of sand hits Terence but does no damage.
Terence barely misses you.
Casting: Sandblast (safe; 3% risk of failure)
Confirm with . or Enter, or press ? or * to list all spells.
Aiming: Sandblast (safe; 3% risk of failure)
Press: ? - help, Shift-Dir - straight line, f/p - Terence
Aim: Terence, wielding a +0 flail and wearing a +0 chain mail (strong, 87% to hit)
The blast of sand hits Terence but does no damage.
Terence barely misses you. Terence closely misses you.
Casting: Sandblast (safe; 3% risk of failure)
Confirm with . or Enter, or press ? or * to list all spells.
Okay, then.
Casting: Sandblast (safe; 3% risk of failure)
Confirm with . or Enter, or press ? or * to list all spells.
The spell is extremely dangerous to miscast (21% risk of failure)!
Continue anyway?
Aiming: Stone Arrow (extremely dangerous; 21% risk of failure)
Press: ? - help, Shift-Dir - straight line, f/p - Terence
Aim: Terence, wielding a +0 flail and wearing a +0 chain mail (strong, 77% to hit)
You miscast Stone Arrow.
You are very lightly contaminated with residual magic.
You feel a strange surge of energy! Terence closely misses you.
You hit Terence.
Terence is lightly wounded.
Terence hits you with a +0 flail!
* * * LOW HITPOINT WARNING * * *
You hit Terence.
Terence is moderately wounded.
Terence hits you with a +0 flail!
You die...

###.# ##.#.# #.#
##....# #.# ###
###.....# ... ..#
#.......# #.# #.#
#.#.....# #.#
#.##....+
#######.#####.#####.#
..............# .#
#######@####### .#
#.@...... #########


You could see Terence (strong).

Vanquished Creatures
  Crazy Yiuf (D:2)
  A gnoll (D:1)
  3 endoplasms (D:1)
  2 giant cockroaches
  2 goblins (D:1)
  5 kobolds
  A ball python (D:1)
  5 bats (D:1)
  A frilled lizard (D:1)
  2 rats (D:1)
23 creatures vanquished.

Notes
Turn   | Place    | Note
-------+----------+-------------------------------------------
     0 | D:1      | Condegh the Gargoyle Earth Elementalist began the quest for
                  | the Orb.
     0 | D:1      | Reached XP level 1. HP: 10/10 MP: 3/3
   149 | D:1      | Reached XP level 2. HP: 16/16 MP: 0/5
   251 | D:1      | Learned a level 1 spell: Foxfire
   675 | D:1      | Reached skill level 1 in Armour
   675 | D:1      | Reached XP level 3. HP: 20/20 MP: 1/6
   679 | D:1      | Learned a level 3 spell: Stone Arrow
   986 | D:2      | Found a runed translucent door.
   987 | D:2      | Noticed Crazy Yiuf
   994 | D:2      | Killed Crazy Yiuf
   995 | D:2      | Reached skill level 1 in Fighting
   995 | D:2      | Reached skill level 1 in Maces & Flails
   995 | D:2      | Reached skill level 4 in Earth Magic
   995 | D:2      | Reached XP level 4. HP: 22/25 MP: 4/7
  1051 | D:2      | Found Qirgh's Jewellery Emporium.
  1105 | D:2      | Identified the +9 dagger "Uxegont" {vorpal, rN+ Str+2
                  | Dex+2}
  1107 | D:2      | Noticed Terence
  1115 | D:2      | Slain by Terence

Illustrated notes

Levels and vault maps discovered:
D:1:      wander_arrival_lonely_grave, layout_basic,
          chequers_serial_rivers_small_a, minmay_misc_feat_roman,
          item_on_display_a
D:2:      layout_loops_ring, serial_shops, shop_fountains, basic_altar,
          dk_noncrumbling_2, uniq_terence, uniq_crazy_yiuf_cottage

Skill      XL: |  1  2  3 |
---------------+----------+-----
Armour         | 1 |  1.4
Fighting       | 1 |  1.1
Maces & Flails | 1 |  1.0
Earth Magic    | 4 |  4.0
Dodging        | |  1.9
Stealth        | |  2.1
Spellcasting   | |  2.3
Conjurations   | |  0.7
Transmutations | |  0.7
Fire Magic     | |  0.6

Action                   |  1- 3 |  4- 6 || total
-------------------------+-------+-------++-------
Melee: Club              |    18 |       ||    18
       Mace              |     2 |     5 ||     7
       Punch             |       |     1 ||     1
 Cast: Sandblast         |    24 |     4 ||    28
 Stab: Sleeping          |       |     1 ||     1
Armor: Robe              |    11 |     2 ||    13
Dodge: Dodged            |    13 |     6 ||    19
